 Dungeon Crawl Stone Soup version 0.26-a0-227-g1af32d979d (webtiles) character file.

Game seed: 4544362942462699871

52 BritishOli the Ducker (level 3, 0/28 HPs)
             Began as a Demonspawn Gladiator on July 7, 2020.
             Slain by a gnoll
             ... wielding a +0 spear
              (2 damage)
             ... on level 2 of the Dungeon.
             The game lasted 00:01:52 (1581 turns).

BritishOli the Ducker (Demonspawn Gladiator)        Turns: 1581, Time: 00:01:53

Health: 0/28       AC:  7    Str: 15    XL:     3   Next: 60%
Magic:  3/3        EV: 10    Int:  9    God:
Gold:   40         SH:  0    Dex: 14    Spells: 2/2 levels left

rFire    . . .     SeeInvis .   a - +0 long sword
rCold    . . .     Faith    .   (no shield)
rNeg     . . .     Spirit   .   m - +0 scale mail
rPois    .         Reflect  .   c - +0 helmet
rElec    .         Harm     .   (no cloak)
rCorr    .                      (no gloves)
MR       .....                  (no boots)
Stlth    ..........             (no amulet)
HPRegen  0.09/turn              (no ring)
MPRegen  0.08/turn              (no ring)

@: no status effects
A: hooves 2
a: no special abilities


You were on level 2 of the Dungeon.
You were not hungry.

You visited 1 branch of the dungeon, and saw 2 of its levels.

You collected 40 gold pieces.

Inventory:

Hand Weapons
 a - a +0 long sword (weapon)
Missiles
 d - 3 throwing nets (quivered)
Armour
 c - a +0 helmet (worn)
 m - a +0 scale mail (worn)
Scrolls
 b - a scroll of immolation {unknown}
 e - 2 scrolls of remove curse {unknown}
 f - a scroll of magic mapping {unknown}
 i - a scroll of enchant armour {unknown}
 k - a scroll of blinking {unknown}
 n - a scroll of identify {unknown}
 o - a scroll of fear {unknown}
Potions
 g - 2 potions of heal wounds {unknown}
 h - a potion of lignification {unknown}
 j - a potion of stabbing {unknown}
Comestibles
 l - a ration


   Skills:
 + Level 2.5 Fighting
 + Level 3.0 Long Blades
 - Level 2.1 Throwing
 + Level 1.1 Armour
 + Level 3.1 Dodging


You had 2 spell levels left.
You didn't know any spells.
Your spell library was empty.

Dungeon Overview and Level Annotations

Branches:
Dungeon (2/15)

Altars:


Innate Abilities, Weirdness & Mutations

You have hoof-like feet.


Message History

The gnoll hits you but does no damage. The gnoll hits you with a +0 spear.
Things that are here:
a +0 club; a gnoll corpse You hit the gnoll.
You kick the gnoll, but do no damage.
The gnoll is moderately wounded.
The gnoll closely misses you.
You hit the gnoll.
The gnoll is moderately wounded.
The gnoll hits you with a +0 spear!
You hit the gnoll but do no damage.
The gnoll is moderately wounded.
The gnoll hits you but does no damage. The gnoll hits you with a +0 spear!
* * * LOW HITPOINT WARNING * * *
You closely miss the gnoll. You kick the gnoll.
The gnoll is severely wounded.
The gnoll hits you with a +0 spear.
* * * LOW HITPOINT WARNING * * *
The gnoll hits you from afar with a +0 spear.
You die...

..# ..# #.#
#. #.#
#.##r####.#
#..gbg....#
#.##g#
#.##)#
#.##@#
#.##$####..
#.........#
#.##.######
#.##.#
#.##.#
###.##.#
#...##.#
#.####..


You could see 2 gnolls, a hobgoblin, a bat and a rat.

Vanquished Creatures
  A gnoll (D:2)
  A worm (D:2)
  2 dart slugs (D:1)
  3 leopard geckos (D:1)
  5 bats
  4 goblins
  2 hobgoblins
  4 jackals (D:1)
  4 kobolds
  5 frilled lizards
  3 rats
34 creatures vanquished.

Notes
Turn   | Place    | Note
-------+----------+-------------------------------------------
     0 | D:1      | BritishOli the Demonspawn Gladiator began the quest for the
                  | Orb.
     0 | D:1      | Reached XP level 1. HP: 16/16 MP: 1/1
   314 | D:1      | Gained mutation: You have large cloven feet. [demonic
                  | ancestry]
   314 | D:1      | Reached XP level 2. HP: 19/22 MP: 2/2
   869 | D:1      | Gained mutation: You have hoof-like feet. [demonic
                  | ancestry]
   869 | D:1      | Reached XP level 3. HP: 28/28 MP: 3/3
  1433 | D:2      | Reached skill level 1 in Armour
  1581 | D:2      | Slain by a gnoll

Illustrated notes

Levels and vault maps discovered:
D:1:      scummos_arrival_gate, layout_basic, hangedman_feature_mirror,
          minmay_misc_feat_x, minmay_indecisive_spiral
D:2:      layout_loops_ring

Skill      XL: |  1  2  3 |
---------------+----------+-----
Throwing       | 2 |  2.1
Dodging        | 3 |  3.1
Long Blades    | 3 |  3.0
Armour         | 1 |  1.1
Fighting       | |  2.5

Action                   || total
-------------------------++-------
Melee: Long sword        ||    96
       Kick              ||    24
  Eat: Ration            ||     1
Armor: Leather armour    ||    24
       Scale mail        ||     2
Dodge: Dodged            ||    69
       Rpst.: Long sword ||    19

Table legend:
 A = Non-vault XP
 B = Vault XP
 C = Vault XP percentage of total XP
 D = Non-vault monster count
 E = Vault monster count
 F = Vault count percentage of total count
                 A         B        C        D         E       F
            +---------+---------+-------+---------+---------+-------
      Total |      65 |      10 |  13.3 |      28 |       6 |  17.6
            +---------+---------+-------+---------+---------+-------
        D:1 |      34 |      10 |  22.7 |      17 |       6 |  26.1
        D:2 |      31 |       0 |   0.0 |      11 |       0 |   0.0
            +---------+---------+-------+---------+---------+-------
